 Dungeon Crawl Stone Soup version 0.29.1-1-gd02db6906a (webtiles) character file.

Game seed: 6452733519895876245

49 Huetiris the Covered (level 3, -2/33 HPs)
             Began as a Minotaur Fighter on Sept 29, 2022.
             Slain by a gnoll
             ... wielding a +0 halberd
              (9 damage)
             ... on level 2 of the Dungeon.
             The game lasted 00:08:05 (728 turns).

Huetiris the Covered (Minotaur Fighter)              Turns: 728, Time: 00:08:06

Health: -2/33      AC: 10    Str: 22    XL:     3   Next: 51%
Magic:  2/2        EV:  7    Int:  5    God:
Gold:   63         SH:  4    Dex:  9    Spells: 2/2 levels left

rFire   + . .      SeeInvis .   a - +0 war axe
rCold   . . .      Faith    .   c - +0 buckler
rNeg    . . .      Spirit   .   e - +0 chain mail
rPois   .          Reflect  .   (helmet restricted)
rElec   .          Harm     .   (no cloak)
rCorr   .          Rampage  .   h - +0 pair of gloves
Will    +....                   (no boots)
Stlth   ..........              (no amulet)
HPRegen 0.11/turn               i - ring of protection from fire
MPRegen 0.08/turn               k - ring of willpower

@: no status effects
A: horns 2, retaliatory headbutt
a: no special abilities


You were on level 2 of the Dungeon.
You visited 1 branch of the dungeon, and saw 2 of its levels.

You collected 63 gold pieces.

Inventory:

Hand Weapons
 a - a +0 war axe (weapon)
Armour
 b - a +0 scale mail
 c - a +0 buckler (worn)
 e - a +0 chain mail (worn)
 f - a +0 chain mail
 h - a +0 pair of gloves (worn)
 m - a +0 scale mail
 n - a +0 scale mail
Jewellery
 i - a ring of protection from fire (left hand)
 k - a ring of willpower (right hand)
Scrolls
 g - a scroll of brand weapon {unknown}
 j - a scroll of teleportation {unknown}
 l - a scroll of fog {unknown}
 o - a scroll of magic mapping {unknown}
 p - a scroll of immolation {unknown}
Potions
 d - a potion of might


   Skills:
 + Level 4.2 Fighting
 + Level 3.0 Axes
 + Level 4.3 Armour
 + Level 4.1 Shields


You had 2 spell levels left.
You didn't know any spells.
Your spell library was empty.

Dungeon Overview and Level Annotations

Branches:
Dungeon (2/15)

Altars:


Innate Abilities, Weirdness & Mutations

You have a pair of horns on your head.
You reflexively headbutt those who attack you in melee.


Message History

You slash the gnoll!
The gnoll is severely wounded.
You hit the giant cockroach but do no damage.
The gnoll hits you from afar with a +0 halberd.
The gnoll hits you with a +0 flail.
The giant cockroach bites you but does no damage.
The gnoll barely misses you. You furiously retaliate!
You headbutt the gnoll!
You kill the gnoll!
The gnoll hits you from afar with a +0 halberd.
You block the gnoll's attack.
Your Axes skill increases to level 3!
The giant cockroach bites you but does no damage.
The gnoll hits you but does no damage. The gnoll closely misses you.
You block the giant cockroach's attack.
You see here a +0 flail.
You slash the giant cockroach!
You kill the giant cockroach!
The gnoll hits you but does no damage. You block the gnoll's attack.
You slash the gnoll!
The gnoll is heavily wounded.
The gnoll hits you from afar with a +0 halberd!
The gnoll hits you from afar with a +0 halberd.
The dart slug launches a dart at you. You block the slug dart.
Found a mace.
The gnoll barely misses you. The gnoll hits you with a +0 whip.
The gnoll hits you with a +0 halberd. The dart slug launches a dart at you.
The slug dart hits you but does no damage.
You hit the gnoll.
The gnoll is moderately wounded.
You barely miss the gnoll. x2; The gnoll hits you but does no damage.
The gnoll hits you with a +0 whip. The gnoll hits you but does no damage.
The dart slug launches a dart at you.
The slug dart hits you but does no damage.
The gnoll hits you with a +0 halberd.
* * * LOW HITPOINT WARNING * * *
The gnoll hits you with a +0 whip.
* * * LOW HITPOINT WARNING * * *
The gnoll hits you with a +0 halberd!
You die...

........# #.# ........#
...# ........# #..# #.#
).......###### #..# ..
....w........# #..# .
.............####..#####
........g..........#..#.
......g@).........##..#.
######g...............#.
#######.#.####...##
#.#..........
#...#####.### ..#.#
....... ..<.# ###....
...### #.....# #.....#


You could see 3 gnolls and a dart slug.

Vanquished Creatures
  A gnoll (D:2)
  An adder (D:2)
  A dart slug (D:1)
  4 bats (D:1)
  An endoplasm (D:1)
  2 giant cockroaches
  3 hobgoblins (D:1)
  2 jackals (D:1)
  A quokka (D:1)
  6 ball pythons (D:1)
  2 frilled lizards
  A kobold (D:2)
  2 rats (D:1)
27 creatures vanquished.

Vanquished Creatures (others)
  A plant (D:1)
1 creature vanquished.

Grand Total: 28 creatures vanquished

Notes
Turn   | Place    | Note
-------+----------+-------------------------------------------
     0 | D:1      | Huetiris the Minotaur Fighter began the quest for the Orb.
     0 | D:1      | Reached XP level 1. HP: 19/19 MP: 0/0
    82 | D:1      | Reached XP level 2. HP: 27/27 MP: 1/1
   339 | D:1      | Found a faded altar of an unknown god.
   696 | D:2      | Reached XP level 3. HP: 33/33 MP: 2/2
   728 | D:2      | Slain by a gnoll

Illustrated notes

Levels and vault maps discovered:
D:1:      lightli_arrival_noodles, layout_rooms,
          nicolae_ecumenical_snake_handling, serial_forest,
          infiniplex_forest_straight_2, infiniplex_forest_zigzag_2,
          infiniplex_forest_zigzag_2, infiniplex_forest_zigzag_1,
          infiniplex_forest_diagonal, infiniplex_forest_end_1,
          infiniplex_forest_lined_3
D:2:      layout_basic

Skill      XL: |  1  2  3 |
---------------+----------+-----
Armour         | 4 |  4.3
Fighting       | 4 |  4.2
Shields        | 4 |  4.1
Axes           | 3 |  3.0

Action                   || total
-------------------------++-------
Melee: War axe           ||    44
       Headbutt          ||     1
Armor: Chain mail        ||    24
Dodge: Dodged            ||    21
Block: Buckler           ||    13
